 Dungeon Crawl Stone Soup version 0.27-a0-1287-gca74d27db6 (webtiles) character file.

Game seed: 4291084275696802452

244 bande the Covered (level 6, -6/41 HPs)
             Began as a Gargoyle Fighter on June 15, 2021.
             Mangled by a yak (9 damage)
             ... on level 4 of the Dungeon.
             The game lasted 00:06:20 (3148 turns).

bande the Covered (Gargoyle Fighter)                Turns: 3148, Time: 00:06:21

Health: -6/41      AC: 11    Str: 21    XL:     6   Next: 10%
Magic:  6/6        EV:  8    Int:  8    God:
Gold:   189        SH:  9    Dex: 10    Spells: 5/5 levels left

rFire    . . .     SeeInvis .   a - +0 war axe
rCold    . . .     Faith    .   c - +0 kite shield
rNeg     + . .     Spirit   .   b - +0 scale mail
rPois    ∞         Reflect  .   (no helmet)
rElec    +         Harm     .   (no cloak)
rCorr    .         Rampage  .   (no gloves)
Will     .....                  (no boots)
Stlth    ..........             (no amulet)
HPRegen  0.13/turn              (no ring)
MPRegen  0.10/turn              (no ring)

@: no status effects
A: sickness immunity, AC +4, negative energy resistance 1, electricity
resistance, torment resistance 1, petrification resistance, robust 1, screaming
1, MP-powered wands
a: no special abilities


You were on level 4 of the Dungeon.
You visited 1 branch of the dungeon, and saw 4 of its levels.

You collected 189 gold pieces.

Inventory:

Hand Weapons
 a - a +0 war axe (weapon)
Missiles
 g - 2 curare-tipped darts (quivered)
Armour
 b - a +0 scale mail (worn)
 c - a +0 kite shield (worn)
Jewellery
 f - a ring of positive energy
Scrolls
 l - a scroll of teleportation
 m - a scroll of enchant weapon {unknown}
 n - a scroll of identify
Potions
 d - a potion of might
 e - a potion of flight
 h - 2 potions of heal wounds {unknown}
 i - 2 potions of degeneration {unknown}
 j - 2 potions of curing
 k - 2 potions of ambrosia {unknown}


   Skills:
 + Level 4.0 Fighting
 + Level 4.0 Axes
 + Level 4.1 Armour
 + Level 1.2 Dodging
 + Level 4.0 Shields


You had 5 spell levels left.
You didn't know any spells.
Your spell library contained the following spells:

 Spells                   Type           Power      Damage    Failure   Level
 Beastly Appendage        Tmut           0%         N/A       99%         1
 Wereblood                Tmut           0%         N/A       100%        2
 Spider Form              Tmut/Pois      0%         N/A       100%        3
 Ice Form                 Ice/Tmut       0%         N/A       100%        4


Dungeon Overview and Level Annotations

Branches:
Dungeon (4/15)
 Temple: D:4-7

Altars:
Trog
Xom
Zin

Shops:
D:4 (


Innate Abilities, Weirdness & Mutations

You are immune to sickness and miasma.
Your stone body is resilient. (AC +4)
You are immune to poison.
You resist negative energy. (rN+)
You are resistant to electric shocks. (rElec)
You are resistant to unholy torment.
You are immune to petrification.
You are robust. (+10% HP)
You occasionally shout uncontrollably at your foes.
You expend magic power (3 MP) to strengthen your wands.


Message History

4 yaks come into view.
The yak bellows! x4
A yak comes into view.
The yak bellows!
The yak gores you!
You closely miss the yak. The yak gores you but does no damage.
The yak gores you.
You hit the yak.
The yak is lightly wounded.
You slash the yak! You hit the yak. The yak gores you.
You block the yak's attack. The yak gores you.
You hit the yak but do no damage.
The yak is moderately wounded.
You hit the yak. You barely miss the yak. You slash the yak!
The yak barely misses you. The yak gores you. You block the yak's attack.
The yak closely misses you. The yak gores you! The yak closely misses you.
You block the yak's attack.
You are too injured to fight recklessly!
Unknown command.
Unknown command.
Unknown command.
Unknown command.
The yak gores you but does no damage.
You barely miss the yak.
The yak is lightly wounded.
The yak closely misses you.
You slash the yak!
The yak is moderately wounded.
You block the yak's attack.
You hit the yak but do no damage.
The yak is moderately wounded.
The yak completely misses you. The yak closely misses you.
You slash the yak!
The yak is severely wounded.
The yak gores you!
* * * LOW HITPOINT WARNING * * *
You hit the yak.
The yak is severely wounded.
You block the yak's attack. The yak gores you!
You die...

.....## #............###.......
......####...........##...<....
.......# ##.........###...[....
.......## ##........##.........
........# ##......###.........
........### #..(..####......#
..........####.######....####
......####......####.....#
.....## ######.@YY...>..#
....## ####YY.....# ...##
#........# ..## #.........# ###
#.........# # #..........#
#.........## #.......###
#....####


You could see 4 yaks.

Vanquished Creatures
  4 crimson imps (D:3)
  3 adders
  An adder skeleton (D:3)
  A worm (D:3)
  A dart slug (D:2)
  5 orcs
  5 ball pythons
  5 endoplasms
  A giant cockroach (D:2)
  5 goblins
  2 hobgoblins
  6 jackals
  6 kobolds
  4 quokkas (D:1)
  7 bats
  5 frilled lizards
  7 rats
68 creatures vanquished.

Vanquished Creatures (others)
  7 demonic plants (D:3)
  4 fungi (D:3)
  20 plants (D:3)
  2 withered plants (D:3)
33 creatures vanquished.

Grand Total: 101 creatures vanquished

Notes
Turn   | Place    | Note
-------+----------+-------------------------------------------
     0 | D:1      | bande the Gargoyle Fighter began the quest for the Orb.
     0 | D:1      | Reached XP level 1. HP: 14/14 MP: 1/1
   158 | D:1      | Reached XP level 2. HP: 19/19 MP: 2/2
   606 | D:1      | Reached XP level 3. HP: 22/23 MP: 3/3
  1206 | D:2      | Reached XP level 4. HP: 28/28 MP: 4/4
  1662 | D:3      | Gained mutation: You are robust. (+10% HP) [potion of
                  | mutation]
  1662 | D:3      | Gained mutation: You occasionally shout uncontrollably at
                  | your foes. [potion of mutation]
  1662 | D:3      | Gained mutation: You expend magic power (3 MP) to
                  | strengthen your wands. [potion of mutation]
  1906 | D:3      | Found a glowing silver altar of Zin.
  1908 | D:3      | Found a bloodstained altar of Trog.
  2053 | D:3      | Found a faded altar of an unknown god.
  2453 | D:3      | Found a shimmering altar of Xom.
  2479 | D:3      | Reached XP level 5. HP: 16/36 MP: 3/5
  2538 | D:3      | Reached skill level 1 in Dodging
  2788 | D:3      | Reached XP level 6. HP: 39/41 MP: 6/6
  2985 | D:4      | Found Jiexad's Antique Weapon Boutique.
  3130 | D:4      | Noticed a yak
  3131 | D:4      | Noticed a yak
  3131 | D:4      | Noticed a yak
  3131 | D:4      | Noticed a yak
  3131 | D:4      | Noticed a yak
  3132 | D:4      | Noticed a yak
  3148 | D:4      | Mangled by a yak

Illustrated notes

Levels and vault maps discovered:
D:1:      dpeg_arrival_round_c, layout_basic, supply_closet_lemuel, hex_medium
D:2:      layout_basic
D:3:      layout_loops_ring, led_xom_imps, nicolae_overflow_hidden_temple,
          shapermc_ecumenical_altar_gd, serial_bayou_lagoon_b
D:4:      minmay_general_purpose_star, layout_cave_pods, serial_shops,
          nicolae_shop_stone, uniq_robin

Skill      XL: |  1  2  3  4  5  6 |
---------------+-------------------+-----
Axes           | 2 3 4 |  4.0
Armour         | 4 |  4.1
Dodging        | 1 |  1.2
Fighting       | 4 |  4.0
Shields        | 4 |  4.0

Action                   |  1- 3 |  4- 6 || total
-------------------------+-------+-------++-------
Melee: War axe           |   127 |   152 ||   279
  Use: Scroll            |     1 |     3 ||     4
       Potion            |       |     1 ||     1
Armor: Scale mail        |    74 |    66 ||   140
Dodge: Dodged            |    50 |    51 ||   101
Block: Kite shield       |    78 |    67 ||   145

Table legend: (Time is in decaauts)
 A = Elapsed time spent in this place.
 B = Non-inter-level travel time spent in this place.
 C = Inter-level travel time spent in this place.
 D = Time resting spent in this place.
 E = Time spent auto-exploring this place.
 F = Levels seen in this place.
 G = Mean time per level.
                   A        B        C        D        E       F      G
               +--------+--------+--------+--------+--------+-----+--------+
         Total |   3334 |   3295 |     39 |    335 |   2160 |   4 |  833.5 |
       Dungeon |   3334 |   3295 |     39 |    335 |   2160 |   4 |  833.5 |
               +--------+--------+--------+--------+--------+-----+--------+

Top non-repeatable levels by time:
     D:3: 1455 daAuts
     D:1: 876 daAuts
     D:2: 825 daAuts
     D:4: 176 daAuts
